 Dungeon Crawl Stone Soup version 0.25-a0-1119-g28b6fd0c3b (webtiles) character file.

Game seed: 16094145168930333325, levelgen mode: deterministic

2420 MisterFreud the Carver (level 9, 0/62 HPs)
             Began as an Octopode Gladiator on May 18, 2020.
             Was an Initiate of Cheibriados.
             Killed by divine providence
             ... invoked by an orc priest
              (16 damage)
             ... on level 7 of the Dungeon.
             The game lasted 00:09:51 (7564 turns).

MisterFreud the Carver (Octopode Gladiator)         Turns: 7564, Time: 00:09:52

Health: 0/62       AC:  1    Str: 14    XL:     9   Next: 48%
Magic:  9/9        EV: 18    Int: 14    God:    Cheibriados [......]
Gold:   255        SH:  0    Dex: 15    Spells: 8/8 levels left

rFire    + . .     SeeInvis .   a - +0 long sword
rCold    . . .     Gourm    .   (no shield)
rNeg     . . .     Faith    .   b - +0 hat
rPois    .         Spirit   .   (no amulet)
rElec    .         Reflect  .   e - ring of protection from cold
rCorr    .         Harm     .   j - ring of stealth
MR       .....     Rnd*Tele +   i - ring of fire
Stlth    +++.......             y - ring of teleportation (curse)
HPRegen  0.20/turn              (no ring)
MPRegen  0.11/turn              (no ring)
                                (no ring)
                                (no ring)

@: very slow
A: almost no armour, stealthy swim, amphibious, 8 rings, constrict 8, camouflage
1, gelatinous body 1
a: Bend Time, Renounce Religion


You were on level 7 of the Dungeon.
You worshipped Cheibriados.
Cheibriados was noncommittal.
You were not hungry.

You visited 2 branches of the dungeon, and saw 8 of its levels.

You collected 255 gold pieces.

Inventory:

Hand Weapons
 a - a +0 long sword (weapon)
Missiles
 c - 2 throwing nets (quivered)
Armour
 b - a +0 hat (worn)
 q - a +0 kite shield
Jewellery
 e - a ring of protection from cold (left tentacle)
 i - a ring of fire (on tentacle)
 j - a ring of stealth (right tentacle)
 y - a cursed ring of teleportation (on tentacle)
Scrolls
 f - 4 scrolls of identify
 h - 3 scrolls of magic mapping
 k - a scroll of immolation
 l - a scroll of remove curse {unknown}
 r - 2 scrolls of amnesia {unknown}
 s - a scroll of enchant weapon {unknown}
 t - 3 scrolls of teleportation
 u - a scroll of enchant armour {unknown}
 x - a scroll of blinking {unknown}
 C - a scroll of fear {unknown}
Potions
 g - 2 potions of cancellation
 m - 2 potions of might
 n - 2 potions of stabbing
 o - a potion of invisibility
 p - a potion of berserk rage
 v - a potion of haste
 w - 2 potions of curing
 z - a potion of ambrosia
 A - 2 potions of lignification
Comestibles
 d - 14 rations
 B - 7 chunks of flesh


   Skills:
 - Level 6.0 Fighting
 + Level 8.9 Long Blades
 - Level 2.0 Throwing
 - Level 8.0 Dodging


You had 8 spell levels left.
You didn't know any spells.
Your spell library was empty.

Dungeon Overview and Level Annotations

Branches:
Dungeon (7/15)             Temple (1/1) D:7

Altars:
Ashenzari
Cheibriados
Elyvilon
Fedhas
Hepliaklqana
Kikubaaqudgha
Makhleb
Nemelex Xobeh
Okawaru
Ru
Sif Muna
Vehumet
Wu Jian
Xom
Yredelemnul
Zin


Innate Abilities, Weirdness & Mutations

You cannot wear most types of armour.
You are very stealthy in the water. (Stealth+)
You are amphibious.
You can wear up to eight rings at the same time.
You can use your tentacles to constrict eight enemies at once.
Your skin changes colour to match your surroundings (Stealth+).
Your rubbery body absorbs attacks. (AC +1, EV +1)


Message History

You constrict the orc priest. x2
The orc priest calls upon Beogh to heal the orc priest.
The orc priest's wounds heal themselves!
The orc priest mumbles some strange prayers to Beogh against you.
Beogh smites you! The orc completely misses you. The iguana bites you!
* * * LOW HITPOINT WARNING * * *
The orc misses you.
You hit the iguana but do no damage. You grab the iguana.
The iguana is moderately wounded.
You constrict the orc priest. x2; You constrict the iguana.
The orc priest closely misses you.
You riposte.
You hit the orc priest.
You kill the orc priest!
Cheibriados thoroughly appreciates the change of pace.
The orc closely misses you.
You riposte.
You closely miss the orc. You grab the orc. You squeeze the orc!
You kill the orc!
Cheibriados appreciates the change of pace.
The orc priest mumbles some strange prayers to Beogh against you.
Beogh smites you!
You die...

####...###.###[##.#
##.## #(....##.# #.#
########.# #.# #.#
##'## #.# ##...## #.#
##.....## ###.#
##.......## ##.#.#
#..)@l....####....###
+..o......+..........
#..>o.....####......#
##.......## ##......
##.....## ##.....
##...## #..รทรทรท
##+## ##...# ##.##
#.#


You could see an iguana, an orc priest and an orc.

Vanquished Creatures
  A water moccasin (D:4)
  An ice beast (D:6)
  A phantom (D:6)
  A necrophage (D:7)
  6 ogres
  2 centaurs
  4 bullfrogs
  6 scorpions
  2 howler monkeys
  A centaur zombie (D:6)
  A quasit (D:7)
  2 orc priests
  3 hounds
  A bullfrog skeleton (D:5)
  2 iguanas
  5 orc wizards
  Terence (D:2)
  A hound zombie (D:6)
  11 gnolls
  4 adders
  2 shadow imps
  2 oozes
  3 adder skeletons
  2 worms
  A dart slug (D:1)
  5 leopard geckos
  20 orcs
  4 bats
  8 giant cockroaches
  8 goblins
  6 hobgoblins
  9 jackals
  4 kobolds
  3 quokkas
  7 frilled lizards
  A leopard gecko skeleton (D:5)
  A quokka skeleton (D:6)
  9 rats
151 creatures vanquished.

Notes
Turn   | Place    | Note
-------+----------+-------------------------------------------
     0 | D:1      | MisterFreud the Octopode Gladiator began the quest for the
                  | Orb.
     0 | D:1      | Reached XP level 1. HP: 14/14 MP: 1/1
   168 | D:1      | Reached XP level 2. HP: 20/20 MP: 2/2
   610 | D:1      | Reached XP level 3. HP: 26/26 MP: 3/3
   969 | D:2      | You fall into a shaft and drop 2 floors!
  1049 | D:4      | Noticed a scorpion
  1056 | D:4      | Killed a scorpion
  1056 | D:4      | Reached XP level 4. HP: 11/33 MP: 4/4
  1365 | D:4      | Noticed a water moccasin
  1365 | D:4      | Noticed an ogre
  1365 | D:4      | Noticed an ogre
  1385 | D:4      | HP: 1/33 [water moccasin (8)]
  1389 | D:4      | Killed a water moccasin
  1389 | D:4      | Reached skill level 5 in Long Blades
  1389 | D:4      | Reached XP level 5. HP: 28/37 MP: 5/5
  1395 | D:4      | Killed an ogre
  1395 | D:4      | Reached XP level 6. HP: 33/43 MP: 6/6
  1502 | D:5      | Entered Level 5 of the Dungeon
  1841 | D:5      | Noticed a phantom
  1844 | D:5      | Reached XP level 7. HP: 34/48 MP: 7/7
  2179 | D:6      | Reached skill level 5 in Dodging
  2623 | D:6      | Reached XP level 8. HP: 20/54 MP: 8/8
  3619 | D:3      | Found an iron altar of Okawaru.
  3724 | D:2      | You fall into a shaft and drop 1 floor!
  4026 | D:2      | Noticed Terence
  4035 | D:2      | Killed Terence
  4393 | D:3      | You fall into a shaft and drop 2 floors!
  4393 | D:5      | Found a blossoming altar of Fedhas.
  4775 | D:5      | Reached skill level 5 in Fighting
  5131 | D:3      | Found a faded altar of an unknown god.
  5400 | D:4      | Reached XP level 9. HP: 61/61 MP: 9/9
  6536 | D:5      | Found a burning altar of Makhleb.
  7305 | D:7      | Found a staircase to the Ecumenical Temple.
  7316 | Temple   | Entered the Ecumenical Temple
  7369 | Temple   | Became a worshipper of Cheibriados the Contemplative
  7564 | D:7      | Killed from afar by an orc priest

Illustrated notes

Levels and vault maps discovered:
D:1:      dpeg_arrival_stone_temple_mockup, layout_loops_ring,
          serial_park_tiny_2, minivault_11, chequers_serial_rivers_micro_b
D:2:      layout_basic, minmay_misc_feat_more_columns, uniq_terence
D:3:      layout_rooms, chequers_ecumenical_altar_grove,
          okawaru_ov_weapons_minmay
D:4:      layout_loops_cross, kennysheep_nondescript, minmay_joined_circles
D:5:      layout_basic, fedhas_bush_and_centaur_altar, first_ration,
          makhleb_heckhound_becter
D:6:      layout_basic
D:7:      layout_loops_corners, kennysheep_mini_moat,
          minmay_temple_entry_statues_pillars, minmay_misc_feat_four_crosses
Temple:   nicolae_temple_elliptical

Skill      XL: |  1  2  3  4  5  6  7  8  9 |
---------------+----------------------------+-----
Fighting       | 3 4 5 6 |  6.0
Long Blades    | 5 6 7 8 |  8.9
Dodging        | 4 6 8 |  8.0
Throwing       | |  2.0

Action                   |  1- 3 |  4- 6 |  7- 9 || total
-------------------------+-------+-------+-------++-------
Melee: Long sword        |    46 |    27 |   290 ||   363
       Constrict         |    16 |     5 |    72 ||    93
       Tentacles         |    11 |     7 |    82 ||   100
Throw: Throwing net      |       |       |     1 ||     1
  Use: Scroll            |     5 |     2 |     6 ||    13
       Potion            |       |     2 |     1 ||     3
 Stab: Sleeping          |     8 |     1 |    13 ||    22
       Distracted        |     1 |       |     2 ||     3
       Held in net/web   |       |       |     1 ||     1
  Eat: Ration            |       |     1 |       ||     1
       Chunk             |       |       |    18 ||    18
Armor: Skin              |     4 |       |    13 ||    17
Dodge: Dodged            |    28 |    16 |   264 ||   308
       Rpst.: Long sword |    10 |     4 |    71 ||    85

Table legend:
 A = Non-vault XP
 B = Vault XP
 C = Vault XP percentage of total XP
 D = Non-vault monster count
 E = Vault monster count
 F = Vault count percentage of total count
                 A         B        C        D         E       F
            +---------+---------+-------+---------+---------+-------
      Total |    2577 |     881 |  25.5 |     137 |      14 |   9.3
            +---------+---------+-------+---------+---------+-------
        D:1 |      46 |       0 |   0.0 |      28 |       0 |   0.0
        D:2 |      86 |      38 |  30.6 |      19 |       1 |   5.0
        D:3 |      22 |       0 |   0.0 |       6 |       0 |   0.0
        D:4 |     337 |     692 |  67.2 |      11 |      11 |  50.0
        D:5 |     608 |     151 |  19.9 |      30 |       2 |   6.2
        D:6 |     996 |       0 |   0.0 |      27 |       0 |   0.0
        D:7 |     482 |       0 |   0.0 |      16 |       0 |   0.0
            +---------+---------+-------+---------+---------+-------
